PCL
NEW ORLEANS ZEPHYRS @ MEMPHIS REDBIRDS
05/08/2099
 
TOP OF THE 1ST
New Orleans Zephyrs batting - Pitching for Memphis Redbirds : LHP Bronson Ballard
Pitching: LHP Bronson Ballard
Batting: RHB Bob Armas 0-0: Swinging Strike
0-1: Foul Ball, location: 3SF
0-2: Strikes out swinging
Batting: SHB Melvin Amezcua 0-0: Foul Ball, location: 2F
0-1: Ball
1-1: Swinging Strike
1-2: Ball
2-2: Foul Ball, location: 25FF
2-2: Ground out 5-3 (Groundball, 56, EV 81.3 MPH)
Batting: RHB James Austill 0-0: Called Strike
0-1: Swinging Strike
0-2: TRIPLE (Flyball, 7LD, EV 91.9 MPH)
Batting: SHB Akira Nagata 0-0: Ball
1-0: Ball
2-0: Called Strike
2-1: Foul Ball, location: 3F
2-2: Fly out, F9 (Flyball, 9, EV 87.5 MPH)
Top of the 1st over - 0 runs, 1 hit, 0 errors, 1 left on base; New Orleans 0 - Memphis 0
BOTTOM OF THE 1ST
Memphis Redbirds batting - Pitching for New Orleans Zephyrs : RHP Dave Arellano
Pitching: RHP Dave Arellano
Batting: RHB Danny Virto 0-0: Called Strike
0-1: Swinging Strike
0-2: Foul Ball, location: 2F
0-2: Ground out 4-3 (Groundball, 34, EV 78.1 MPH)
Batting: LHB Jonathan Steben 0-0: Ball
1-0: SINGLE (Flyball, 89S, EV 100.0 MPH)
Batting: SHB Chris Klapp 0-0: Ball
1-0: Foul Ball, location: 2F
1-1: Ball
2-1: Ball
3-1: Foul Ball, location: 2F
3-2: Base on Balls
Jonathan Steben to second
Batting: RHB Billy Haynes 0-0: Ball
1-0: Ball
2-0: Ball
3-0: Called Strike
3-1: Base on Balls
Jonathan Steben to third
Chris Klapp to second
Batting: LHB Mario Marquez 0-0: Called Strike
0-1: Grounds into double play, 3-6-3 (Groundball, 34S, EV 81.3 MPH)
Bottom of the 1st over - 0 runs, 1 hit, 0 errors, 2 left on base; New Orleans 0 - Memphis 0
TOP OF THE 2ND
New Orleans Zephyrs batting - Pitching for Memphis Redbirds : LHP Bronson Ballard
Batting: LHB Antonio Aviles 0-0: Ball
1-0: Called Strike
1-1: Ball
2-1: Fly out, F7 (Flyball, 7, EV 90.6 MPH)
Batting: LHB Rick Alvarez 0-0: Ball
1-0: Foul Ball, location: 7LSF
1-1: Ball
2-1: Foul Ball, location: 2F
2-2: Strikes out swinging
Batting: LHB Joe Bell 0-0: Ground out 6-3 (Groundball, 6, EV 86.9 MPH)
Top of the 2nd over - 0 runs, 0 hits, 0 errors, 0 left on base; New Orleans 0 - Memphis 0
BOTTOM OF THE 2ND
Memphis Redbirds batting - Pitching for New Orleans Zephyrs : RHP Dave Arellano
Batting: LHB Alex Santiago 0-0: Swinging Strike
0-1: Called Strike
0-2: Strikes out swinging
Batting: RHB Jayden Whaley 0-0: Ball
1-0: Called Strike
1-1: Ball
2-1: Swinging Strike
2-2: Ball
3-2: Strikes out swinging
Batting: RHB Ben Frey 0-0: Ball
1-0: Swinging Strike
1-1: Foul Ball, location: 9LDF
1-2: Foul Ball, location: 2F
1-2: Strikes out looking
Bottom of the 2nd over - 0 runs, 0 hits, 0 errors, 0 left on base; New Orleans 0 - Memphis 0
TOP OF THE 3RD
New Orleans Zephyrs batting - Pitching for Memphis Redbirds : LHP Bronson Ballard
Batting: RHB Alberto Arias 0-0: Called Strike
0-1: Swinging Strike
0-2: Ball
1-2: Strikes out looking
Batting: LHB Malikai Dare 0-0: Foul Ball, location: 5DF
0-1: Called Strike
0-2: Ball
1-2: Strikes out looking
Batting: RHB Bob Armas 0-0: Called Strike
0-1: Ball
1-1: Foul Ball, location: 3FF
1-2: Strikes out looking
Top of the 3rd over - 0 runs, 0 hits, 0 errors, 0 left on base; New Orleans 0 - Memphis 0
BOTTOM OF THE 3RD
Memphis Redbirds batting - Pitching for New Orleans Zephyrs : RHP Dave Arellano
Batting: LHB David Cessor 0-0: Ball
1-0: Swinging Strike
1-1: Called Strike
1-2: Fly out, F5 (Popup, 5SF, EV 85.6 MPH)
Batting: RHB Danny Virto 0-0: Fly out, F8 (Flyball, 8LM, EV 96.9 MPH)
Batting: LHB Jonathan Steben 0-0: Ball
1-0: Ball
2-0: Called Strike
2-1: Ball
3-1: Called Strike
3-2: Fly out, F9 (Line Drive, 9S, EV 95.0 MPH)
Bottom of the 3rd over - 0 runs, 0 hits, 0 errors, 0 left on base; New Orleans 0 - Memphis 0
TOP OF THE 4TH
New Orleans Zephyrs batting - Pitching for Memphis Redbirds : LHP Bronson Ballard
Batting: SHB Melvin Amezcua 0-0: Ball
1-0: Called Strike
1-1: Swinging Strike
1-2: Strikes out swinging
Batting: RHB James Austill 0-0: Swinging Strike
0-1: Foul Ball, location: 2F
0-2: Ball
1-2: SOLO HOME RUN (Flyball, 7D, EV 97.5 MPH), Distance : 364 ft
Batting: SHB Akira Nagata 0-0: Ball
1-0: Ball
2-0: Ground out U3 (Groundball, 3, EV 108.8 MPH)
Batting: LHB Antonio Aviles 0-0: Called Strike
0-1: SINGLE (Groundball, 4MD, EV 100.6 MPH)
Batting: LHB Rick Alvarez 0-0: Called Strike
0-1: Ball
1-1: Ball
2-1: Called Strike
2-2: Strikes out swinging
Top of the 4th over - 1 run, 2 hits, 0 errors, 1 left on base; New Orleans 1 - Memphis 0
BOTTOM OF THE 4TH
Memphis Redbirds batting - Pitching for New Orleans Zephyrs : RHP Dave Arellano
Batting: SHB Chris Klapp 0-0: Swinging Strike
0-1: Foul Ball, location: 3FF
0-2: Ball
1-2: Ball
2-2: Strikes out swinging
Batting: RHB Billy Haynes 0-0: Called Strike
0-1: Ball
1-1: Ball
2-1: Called Strike
2-2: Ball
3-2: Base on Balls
Batting: LHB Mario Marquez 0-0: Called Strike
Billy Haynes steals 2nd base
0-1: Called Strike
0-2: Ball
1-2: Fly out, F9 (Flyball, 89M, EV 94.4 MPH)
Batting: LHB Alex Santiago 0-0: Called Strike
0-1: Ball
1-1: Ball
2-1: Ball
3-1: Base on Balls
Batting: RHB Jayden Whaley 0-0: Ball
1-0: Foul Ball, location: 9LMF
1-1: Ball
2-1: Fly out, F5 (Line Drive, 5L, EV 66.3 MPH)
Bottom of the 4th over - 0 runs, 0 hits, 0 errors, 2 left on base; New Orleans 1 - Memphis 0
TOP OF THE 5TH
New Orleans Zephyrs batting - Pitching for Memphis Redbirds : LHP Bronson Ballard
Batting: LHB Joe Bell 0-0: Called Strike
0-1: Swinging Strike
0-2: DOUBLE (Flyball, 78D, EV 110.0 MPH)
Batting: RHB Alberto Arias 0-0: Called Strike
0-1: Foul Ball, location: 9LSF
0-2: Fly out, F7 (Flyball, 78M, EV 91.3 MPH)
Runner from 2nd tags up, SAFE at 3rd with throw by LF
Batting: LHB Malikai Dare 0-0: Called Strike
0-1: Foul Ball, location: 23F
0-2: Ball
1-2: Strikes out swinging
Batting: RHB Bob Armas 0-0: Swinging Strike
0-1: Ball
1-1: DOUBLE (Line Drive, 5D, EV 98.1 MPH)
Joe Bell scores
Batting: SHB Melvin Amezcua 0-0: Called Strike
0-1: Ball
1-1: Foul Ball, location: 9LSF
1-2: Ball
2-2: Strikes out swinging
Top of the 5th over - 1 run, 2 hits, 0 errors, 1 left on base; New Orleans 2 - Memphis 0
BOTTOM OF THE 5TH
Memphis Redbirds batting - Pitching for New Orleans Zephyrs : RHP Dave Arellano
Batting: RHB Ben Frey 0-0: Called Strike
0-1: Ball
1-1: Ball
2-1: Ball
3-1: Swinging Strike
3-2: Strikes out swinging
Batting: LHB David Cessor 0-0: Foul Ball, location: 2F
0-1: Foul Ball, location: 5F
0-2: Strikes out swinging
Batting: RHB Danny Virto 0-0: Called Strike
0-1: Ball
1-1: Ball
2-1: Fly out, F8 (Flyball, 78S, EV 94.4 MPH)
Bottom of the 5th over - 0 runs, 0 hits, 0 errors, 0 left on base; New Orleans 2 - Memphis 0
TOP OF THE 6TH
New Orleans Zephyrs batting - Pitching for Memphis Redbirds : LHP Bronson Ballard
Batting: RHB James Austill 0-0: Ball
1-0: Ball
2-0: Ball
3-0: Called Strike
3-1: Foul Ball, location: 2F
3-2: Strikes out swinging
Batting: SHB Akira Nagata 0-0: Called Strike
0-1: Foul Ball, location: 9LSF
0-2: Foul Ball, location: 5F
0-2: Foul Ball, location: 23FF
0-2: Ball
1-2: Fly out, F7 (Flyball, 78D, EV 88.8 MPH)
Batting: LHB Antonio Aviles 0-0: Called Strike
0-1: Called Strike
0-2: Ball
1-2: Ball
2-2: Ground out 5-3 (Groundball, 5S, EV 76.9 MPH)
Top of the 6th over - 0 runs, 0 hits, 0 errors, 0 left on base; New Orleans 2 - Memphis 0
BOTTOM OF THE 6TH
Memphis Redbirds batting - Pitching for New Orleans Zephyrs : RHP Dave Arellano
Batting: LHB Jonathan Steben 0-0: Called Strike
0-1: Foul Ball, location: 7LSF
0-2: Fly out, F8 (Flyball, 8RM, EV 95.6 MPH)
Batting: SHB Chris Klapp 0-0: Ball
1-0: Called Strike
1-1: Swinging Strike
1-2: Strikes out swinging
Batting: RHB Billy Haynes 0-0: Foul Ball, location: 2F
0-1: Fly out, F8 (Flyball, 8RM, EV 95.6 MPH)
Bottom of the 6th over - 0 runs, 0 hits, 0 errors, 0 left on base; New Orleans 2 - Memphis 0
TOP OF THE 7TH
New Orleans Zephyrs batting - Pitching for Memphis Redbirds : LHP Bronson Ballard
Batting: LHB Rick Alvarez 0-0: Called Strike
0-1: Foul Ball, location: 3F
0-2: SINGLE (Groundball, 3D, EV 98.1 MPH)
Batting: LHB Joe Bell 0-0: Ball
1-0: Ball
2-0: Ball
3-0: Called Strike
3-1: Fly out, F2 (Popup, 25F, EV 78.1 MPH)
Batting: RHB Alberto Arias 0-0: Called Strike
0-1: Foul Ball, location: 9LSF
0-2: Foul Ball, location: 2F
0-2: Ball
1-2: Ball
2-2: SINGLE (Line Drive, 9LM, EV 103.8 MPH)
Rick Alvarez to second
Batting: LHB Malikai Dare 0-0: Ball
1-0: Ball
2-0: Foul Ball, location: 2F
2-1: Ball
3-1: Called Strike
3-2: Base on Balls
Rick Alvarez to third
Alberto Arias to second
Pitching: RHP Matt Green
Batting: RHB Bob Armas 0-0: Ball
1-0: Ball
2-0: Fly out, F9 (Flyball, 89D, EV 96.3 MPH)
Runner from 3rd tags up, SCORES, throw by RF
Alberto Arias to third
Batting: SHB Melvin Amezcua 0-0: Ball
1-0: Foul Ball, location: 9LDF
1-1: Called Strike
1-2: Ball
2-2: Ball
3-2: Fly out, F8 (Flyball, 8LXD, EV 107.5 MPH)
Top of the 7th over - 1 run, 2 hits, 0 errors, 2 left on base; New Orleans 3 - Memphis 0
BOTTOM OF THE 7TH
Memphis Redbirds batting - Pitching for New Orleans Zephyrs : RHP Dave Arellano
Batting: LHB Mario Marquez 0-0: Ball
1-0: Foul Ball, location: 2RF
1-1: SINGLE (Groundball, 2R, EV 74.4 MPH) (infield hit)
Batting: LHB Alex Santiago 0-0: Called Strike
0-1: Ball
1-1: Grounds into double play, 5-4-3 (Groundball, 56, EV 88.1 MPH)
Batting: RHB Jayden Whaley 0-0: Called Strike
0-1: Called Strike
0-2: Ball
1-2: Strikes out swinging
Bottom of the 7th over - 0 runs, 1 hit, 0 errors, 0 left on base; New Orleans 3 - Memphis 0
TOP OF THE 8TH
New Orleans Zephyrs batting - Pitching for Memphis Redbirds : RHP Matt Green
Batting: RHB James Austill 0-0: Ball
1-0: Ball
2-0: Ball
3-0: Called Strike
3-1: Foul Ball, location: 23F
3-2: Foul Ball, location: 9LSF
3-2: Ground out 4-3 (Groundball, 4M, EV 81.3 MPH)
Batting: SHB Akira Nagata 0-0: Called Strike
0-1: Ball
1-1: Called Strike
1-2: Fly out, F8 (Flyball, 8RXD, EV 111.3 MPH)
Batting: LHB Antonio Aviles 0-0: Called Strike
0-1: Ground out 4-3 (Groundball, 4D, EV 103.1 MPH)
Top of the 8th over - 0 runs, 0 hits, 0 errors, 0 left on base; New Orleans 3 - Memphis 0
BOTTOM OF THE 8TH
Memphis Redbirds batting - Pitching for New Orleans Zephyrs : RHP Dave Arellano
Now in LF: Chris Jenkins
Batting: RHB Ben Frey 0-0: Foul Ball, location: 5FF
0-1: Ball
1-1: Fly out, F3 (Popup, 23F, EV 85.6 MPH)
Batting: LHB David Cessor 0-0: Ball
1-0: Called Strike
1-1: Ball
2-1: Ball
3-1: Called Strike
3-2: Strikes out swinging
Batting: RHB Danny Virto 0-0: Ball
1-0: Ground out 4-3 (Groundball, 4, EV 85.6 MPH)
Bottom of the 8th over - 0 runs, 0 hits, 0 errors, 0 left on base; New Orleans 3 - Memphis 0
TOP OF THE 9TH
New Orleans Zephyrs batting - Pitching for Memphis Redbirds : RHP Matt Green
Batting: LHB Rick Alvarez 0-0: Ball
1-0: Foul Ball, location: 25F
1-1: Foul Ball, location: 7LSF
1-2: Strikes out swinging
Batting: LHB Joe Bell 0-0: Ball
1-0: Ball
2-0: Called Strike
2-1: Ground out 3-1 (Groundball, 34, EV 96.3 MPH)
Batting: RHB Alberto Arias 0-0: Foul Ball, location: 2F
0-1: Foul Ball, location: 2F
0-2: Foul Ball, location: 5DF
0-2: Ball
1-2: Ball
2-2: Strikes out swinging
Top of the 9th over - 0 runs, 0 hits, 0 errors, 0 left on base; New Orleans 3 - Memphis 0
BOTTOM OF THE 9TH
Memphis Redbirds batting - Pitching for New Orleans Zephyrs : RHP Dave Arellano
Pitching: LHP Ben Lyon
Batting: LHB Jonathan Steben 0-0: Ball
1-0: Ball
2-0: Ball
3-0: Base on Balls
Batting: SHB Chris Klapp 0-0: Swinging Strike
0-1: Foul Ball, location: 2F
0-2: Ball
1-2: Ball
2-2: Foul Ball, location: 2F
2-2: Ball
3-2: Foul Ball, location: 5FF
3-2: Strikes out looking
Batting: RHB Billy Haynes 0-0: Ball
1-0: DOUBLE (Flyball, 8LXD, EV 105.6 MPH)
Jonathan Steben to third
Pinch Hitting: RHB Chris Benson 0-0: Ball
1-0: Foul Ball, location: 5FF
1-1: Ball
2-1: Swinging Strike
2-2: Foul Ball, location: 25FF
2-2: Ball
3-2: Ground out 6-3 (Groundball, 56, EV 86.9 MPH)
Pinch Hitting: RHB Juan Padron 0-0: Called Strike
0-1: Foul Ball, location: 5FF
0-2: Ball
1-2: Strikes out swinging
Bottom of the 9th over - 0 runs, 1 hit, 0 errors, 2 left on base; New Orleans 3 - Memphis 0
Sunday, May 5th , 2024 - OOTP Baseball 24.11 Build 85